 Dungeon Crawl Stone Soup version 0.30-a0-739-gea05faddec (webtiles) character file.

Game seed: 11266035667280118314

86 Decipherer the Poker (level 4, -1/41 HPs)
             Began as a Minotaur Berserker on Feb 4, 2023.
             Was a Follower of Trog.
             Killed from afar by an orc wizard (5 damage)
             ... with a puff of flame
             ... on level 3 of the Dungeon.
             The game lasted 00:01:02 (1112 turns).

Decipherer the Poker (Minotaur Berserker)           Turns: 1112, Time: 00:01:02

Health: -1/41      AC:  2    Str: 23    XL:     4   Next: 26%
Magic:  3/3        EV: 12    Int:  4    God:    Trog [*.....]
Gold:   29         SH:  0    Dex: 16    Spells: 3/3 levels left

rFire   . . .      SeeInvis .    a - +0 spear
rCold   . . .      Faith    .    (no shield)
rNeg    . . .      Spirit   .    b - +0 animal skin
rPois   .          Reflect  .    (helmet restricted)
rElec   .          Harm     .    (no cloak)
rCorr   .          Rampage  .    (no gloves)
Will    .....                    (no boots)
Stlth   +                        (no amulet)
HPRegen 0.26/turn                g - +6 ring of dexterity
MPRegen 0.08/turn                (no ring)

@: on berserk cooldown, slowed, very slow
A: horns 2, retaliatory headbutt
a: Renounce Religion, Berserk


You were on level 3 of the Dungeon.
You worshipped Trog.
Trog was aware of your devotion.
You visited 1 branch of the dungeon, and saw 3 of its levels.

You collected 29 gold pieces.

Inventory:

Hand Weapons
 a - a +0 spear (weapon)
Armour
 b - a +0 animal skin (worn)
Jewellery
 g - a +6 ring of dexterity (left hand)
Scrolls
 d - a scroll of magic mapping {unknown}
 e - a scroll of torment {unknown}
 h - a scroll of identify {unknown}
 j - a scroll of vulnerability {unknown}
Potions
 c - a potion of heal wounds {unknown}
 f - a potion of invisibility {unknown}
 i - a potion of flight {unknown}
 k - a potion of curing {unknown}


   Skills:
 + Level 4.8 Fighting
 + Level 4.8 Polearms
 + Level 2.8 Armour
 + Level 2.5 Dodging


You had 3 spell levels left.
You didn't know any spells.
Your spell library contained the following spells:

 Spells                   Type           Power      Damage    Failure   Level
 Blink                    Tloc           0%         N/A       65%         2
 Manifold Assault         Tloc           0%         N/A       99%         4
 Storm Form               Tmut/Air       0%         N/A       100%        7


Dungeon Overview and Level Annotations

Branches:
Dungeon (2/15)

Altars:
Xom


Innate Abilities, Weirdness & Mutations

You have a pair of horns on your head.
You reflexively headbutt those who attack you in melee.


Message History

You feel agile.
You hit something. You puncture something!
You hear some strange, mumbled words.
You are confused.
Something hits you. The orc hits you with a +0 mace.
You puncture the orc!
You kill the orc!
Trog accepts your kill. Something hits you. x2
Things that are here:
a +0 mace; an orc corpse You barely miss something.
Something hits you.
Found a stone staircase leading up.
You hear some strange, mumbled words.
You feel a strong urge to attack something.
You are no longer berserk.
You are exhausted.
You feel yourself slow down.
You hear some strange, mumbled words.
A puff of flame appears from out of thin air!
The puff of flame misses you. Something hits you.
You hit something but do no damage. Something hits you but does no damage.
Something hits you.
You miss something. You headbutt something.
You feel less confused. Something hits you but does no damage.
Something hits you.
You miss something. Your headbutt misses something. Something hits you.
You hear some strange, mumbled words.
A magic dart appears from out of thin air!
The magic dart hits you!
* * * LOW HITPOINT WARNING * * *
You barely miss something. Something hits you.
* * * LOW HITPOINT WARNING * * *
You hear some strange, mumbled words.
Something tries to affect you, but you resist.
You hear some strange, mumbled words.
A puff of flame appears from out of thin air!
The puff of flame hits you.
You die...

#... #..#####.
#.......
#.>...#
#####....#
##........#
####....#....#
#........@..#
.##....#{{##
##...)†)#
#.#.#..#
..<#=#.....
### #.#.......
#.###.###.#
#..# ## . ##.#
..


There were no monsters in sight!

Vanquished Creatures
  An orc wizard (D:3)
  3 adders
  2 orcs (D:3)
  A ball python (D:1)
  3 endoplasms
  A goblin (D:1)
  10 hobgoblins
  2 bats (D:1)
  4 frilled lizards
  3 kobolds
30 creatures vanquished.

Notes
Turn   | Place    | Note
-------+----------+-------------------------------------------
     0 | D:1      | Decipherer the Minotaur Berserker began the quest for the
                  | Orb.
     0 | D:1      | Reached XP level 1. HP: 19/19 MP: 0/0
    99 | D:1      | Reached XP level 2. HP: 8/27 MP: 1/1
   503 | D:1      | Found a faded altar of an unknown god.
   811 | D:2      | Reached XP level 3. HP: 27/34 MP: 2/2
   894 | D:2      | Found a shimmering altar of Xom.
   985 | D:2      | You fall into a shaft and drop 1 floor!
  1101 | D:3      | Reached XP level 4. HP: 41/41 MP: 3/3
  1112 | D:3      | Killed from afar by an orc wizard

Illustrated notes

Levels and vault maps discovered:
D:1:      dpeg_arrival_tiny_b, layout_loops_ring, basic_ecumenical_altar,
          st_stairs_14
D:2:      layout_basic, basic_altar, minmay_large_rounded_square, minmay_3d_cube
D:3:      layout_loops_ring, nicolae_overflow_crystal_walls

Skill      XL: |  1  2 |
---------------+-------+-----
Fighting       | 4 |  4.8
Polearms       | 4 |  4.8
Armour         | |  2.8
Dodging        | |  2.5

Action                     |  1- 3 |  4- 6 || total
---------------------------+-------+-------++-------
  Melee: Spear             |    73 |     8 ||    81
         Headbutt          |     9 |     1 ||    10
 Invoke: Berserk           |     4 |       ||     4
 Armour: Animal skin       |     4 |     2 ||     6
  Dodge: Dodged            |    33 |     1 ||    34

Table legend: (Time is in decaauts)
 A = Elapsed time spent in this place.
 B = Non-inter-level travel time spent in this place.
 C = Inter-level travel time spent in this place.
 D = Time resting spent in this place.
 E = Time spent auto-exploring this place.
 F = Levels seen in this place.
 G = Mean time per level.
                   A        B        C        D        E       F      G
               +--------+--------+--------+--------+--------+-----+--------+
         Total |   1131 |   1089 |     42 |      0 |    897 |   3 |  377.0 |
       Dungeon |   1131 |   1089 |     42 |      0 |    897 |   3 |  377.0 |
               +--------+--------+--------+--------+--------+-----+--------+

Top non-repeatable levels by time:
     D:1: 788 daAuts
     D:2: 210 daAuts
     D:3: 131 daAuts
